 Dungeon Crawl Stone Soup version 0.30-a0-778-g2ef04afb54 (webtiles) character file.

Game seed: 8664908574184782112

30 Smoke131 the Chucker (level 3, -8/37 HPs)
             Began as an Ogre Gladiator on Feb 16, 2023.
             Mangled by Terence
             ... wielding a +2 morningstar of protection
              (15 damage)
             ... on level 2 of the Dungeon.
             The game lasted 00:03:18 (1092 turns).

Smoke131 the Chucker (Ogre Gladiator)               Turns: 1092, Time: 00:03:19

Health: -8/37      AC:  3    Str: 26    XL:     3   Next: 18%
Magic:  3/3        EV: 10    Int:  5    God:
Gold:   72         SH:  0    Dex: 10    Spells: 2/2 levels left

rFire   . . .      SeeInvis .    a - +0 war axe
rCold   . . .      Faith    .    (no shield)
rNeg    . . .      Spirit   .    b - +0 robe
rPois   .          Reflect  .    c - +0 hat
rElec   .          Harm     .    (no cloak)
rCorr   .          Rampage  .    (gloves unavailable)
Will    .....      Clarity  +    (boots unavailable)
Stlth   +                        (no amulet)
HPRegen 0.26/turn                (no ring)
MPRegen 0.08/turn                (no ring)

@: hasted, very quick
A: large, unfitting armour, tough skin 1, clarity, dopey 1, strong 2
a: no special abilities


You were on level 2 of the Dungeon.
You visited 1 branch of the dungeon, and saw 2 of its levels.

You collected 72 gold pieces.

Inventory:

Hand Weapons
 a - a +0 war axe (weapon)
Missiles
 d - 3 throwing nets (quivered)
Armour
 b - a +0 robe (worn)
 c - a +0 hat (worn)
Scrolls
 f - 2 scrolls of identify {unknown}
 g - 2 scrolls of teleportation {unknown}
 h - a scroll of enchant weapon {unknown}
Potions
 i - a potion of haste
 k - a potion of brilliance {unknown}


   Skills:
 - Level 3.0 Fighting
 - Level 3.0 Axes
 + Level 3.1 Throwing
 - Level 3.0 Dodging


You had 2 spell levels left.
You didn't know any spells.
Your spell library was empty.

Dungeon Overview and Level Annotations

Branches:
Dungeon (2/15)

Altars:

Annotations:
D:2 Terence


Innate Abilities, Weirdness & Mutations

You are too large for most types of armour.
You have tough skin. (AC +1)
You possess an exceptional clarity of mind.
You are dopey. (Int -2)
Your muscles are very strong. (Str +8, Int/Dex -2)


Message History

You closely miss Terence.
Terence is lightly wounded.
Terence hits you with a +2 morningstar of protection! x2
* * * LOW HITPOINT WARNING * * *
Throw: large rock
Press: ? - help, Q - select action, (/) - cycle Shift-Dir - straight line, f/p - Terence
Aim: Terence, wielding a +2 morningstar of protection and wearing a +3 scale mail of fire resistance (lightly wounded, 63% to hit)
You throw a large rock. The large rock hits Terence.
Terence is moderately wounded.
Terence closely misses you. x2
It was a potion of haste.
You feel yourself speed up.
Terence hits you with a +2 morningstar of protection!
* * * LOW HITPOINT WARNING * * *
It was a potion of mutation.
You feel extremely strange.
You feel clever.
You feel stronger.
Your body twists and deforms.
A pair of antennae grows on your head!
You feel extremely strange.
Your body's shape seems more normal.
You feel stupid.
Your thoughts seem clearer.
You feel stupid. The antennae on your head shrink away.
You feel stronger.
Throw: 3 stones
Press: ? - help, Q - select action, (/) - cycle Shift-Dir - straight line, f/p - Terence
Aim: Terence, wielding a +2 morningstar of protection and wearing a +3 scale mail of fire resistance (lightly wounded, 61% to hit)
You throw a stone.
The stone hits Terence but does no damage.
Terence is lightly wounded.
Throw: 2 stones
Press: ? - help, Q - select action, (/) - cycle Shift-Dir - straight line, f/p - Terence
Aim: Terence, wielding a +2 morningstar of protection and wearing a +3 scale mail of fire resistance (lightly wounded, 61% to hit)
You throw a stone. The stone barely misses Terence.
Throw: stone
Press: ? - help, Q - select action, (/) - cycle Shift-Dir - straight line, f/p - Terence
Aim: Terence, wielding a +2 morningstar of protection and wearing a +3 scale mail of fire resistance (lightly wounded, 61% to hit)
You throw a stone.
The stone hits Terence but does no damage.
Terence is lightly wounded.
You closely miss Terence.
Terence is lightly wounded.
Terence hits you with a +2 morningstar of protection!
You die...

#.# .#
#.#####.#
#....(..#
#.#####.#
#.# .#
#.# .#
#.# .#
#@# .#
#@# .#
#.# .#
#.# #.#
#.# #.#
#.# #.#
#.#


You could see Terence.

Vanquished Creatures
  2 dart slugs (D:1)
  An endoplasm (D:1)
  3 giant cockroaches
  A hobgoblin (D:1)
  4 kobolds (D:1)
  2 quokkas (D:1)
  3 ball pythons (D:1)
  4 bats (D:1)
  A frilled lizard (D:2)
  2 goblins (D:1)
  2 rats
25 creatures vanquished.

Vanquished Creatures (others)
  3 plants (D:1)
3 creatures vanquished.

Grand Total: 28 creatures vanquished

Notes
Turn   | Place    | Note
-------+----------+-------------------------------------------
     0 | D:1      | Smoke131 the Ogre Gladiator began the quest for the Orb.
     0 | D:1      | Reached XP level 1. HP: 22/22 MP: 1/1
   168 | D:1      | Reached XP level 2. HP: 31/31 MP: 2/2
   607 | D:1      | Reached XP level 3. HP: 34/37 MP: 3/3
  1068 | D:2      | Noticed Terence
  1087 | D:2      | Gained mutation: Your mind is acute. (Int +4, Str/Dex -1)
                  | [potion of mutation]
  1087 | D:2      | Gained mutation: Your muscles are strong. (Str +4, Int/Dex
                  | -1) [potion of mutation]
  1087 | D:2      | Gained mutation: Armour fits poorly on your strangely
                  | shaped body. [potion of mutation]
  1087 | D:2      | Gained mutation: You have a pair of small antennae on your
                  | head. [potion of mutation]
  1088 | D:2      | Lost mutation: Armour fits poorly on your strangely shaped
                  | body. [potion of mutation]
  1088 | D:2      | Lost mutation: Your mind is acute. (Int +4, Str/Dex -1)
                  | [potion of mutation]
  1088 | D:2      | Gained mutation: You possess an exceptional clarity of
                  | mind. [potion of mutation]
  1088 | D:2      | Gained mutation: You are dopey. (Int -2) [potion of
                  | mutation]
  1088 | D:2      | Lost mutation: You have a pair of small antennae on your
                  | head. [potion of mutation]
  1088 | D:2      | Gained mutation: Your muscles are very strong. (Str +8,
                  | Int/Dex -2) [potion of mutation]
  1092 | D:2      | Mangled by Terence

Illustrated notes

Levels and vault maps discovered:
D:1:      minmay_arrival_jagged, layout_basic, minmay_tree_intersection,
          serial_bayou_pond_c
D:2:      layout_basic, uniq_terence

Skill      XL: |  1  2  3 |
---------------+----------+-----
Fighting       | 3 |  3.0
Dodging        | 3 |  3.0
Throwing       | 3 |  3.1
Axes           | |  3.0

Action                     || total
---------------------------++-------
  Melee: War axe           ||    81
         Punch             ||     1
  Throw: Stone             ||     7
         Large rock        ||     1
    Use: Potion            ||     3
 Armour: Robe              ||    32
  Dodge: Dodged            ||    48

Table legend: (Time is in decaauts)
 A = Elapsed time spent in this place.
 B = Non-inter-level travel time spent in this place.
 C = Inter-level travel time spent in this place.
 D = Time resting spent in this place.
 E = Time spent auto-exploring this place.
 F = Levels seen in this place.
 G = Mean time per level.
                   A        B        C        D        E       F      G
               +--------+--------+--------+--------+--------+-----+--------+
         Total |   1115 |   1057 |     58 |      0 |    786 |   2 |  557.5 |
       Dungeon |   1115 |   1057 |     58 |      0 |    786 |   2 |  557.5 |
               +--------+--------+--------+--------+--------+-----+--------+

Top non-repeatable levels by time:
     D:1: 976 daAuts
     D:2: 138 daAuts
